 Dungeon Crawl Stone Soup version 0.29.1-2-gbd0b4ee654 (webtiles) character file.

Game seed: 2643799680018268323

100382 Icepheonix32 the Tortoise (level 15, -2/139 HPs)
             Began as a Minotaur Fighter on Oct 26, 2022.
             Was the Champion of Okawaru.
             Slain by a sun demon (7 damage)
             ... led by a balrug
             ... on level 3 of the Abyss.
             The game lasted 01:13:22 (32891 turns).

Icepheonix32 the Tortoise (Minotaur Fighter)       Turns: 32891, Time: 01:13:23

Health: -2/139     AC: 31    Str: 23    XL:     15   Next: 80%
Magic:  21/21      EV: 14    Int: 13    God:    Okawaru [******]
Gold:   529        SH: 19    Dex: 15    Spells: 14/14 levels left

rFire   + . .      SeeInvis .   R - +2 scimitar (holy)
rCold   + + .      Faith    .   c - +0 kite shield
rNeg    + + .      Spirit   .   a - +4 chain mail {rN+}
rPois   +          Reflect  +   e - -2 hat of the Alchemist {rElec rPois rF+ rC+ rN+ Will+ rMut rCorr}
rElec   +          Harm     .   S - +1 cloak
rCorr   +          Rampage  .   V - +2 pair of gloves "Fochex" {rC+}
rMut    +          Rage     3%  H - +1 pair of boots
Will    ++...                   t - amulet of reflection
Stlth   +.........              T - +4 ring of protection
HPRegen 0.00/turn               f - +6 ring of dexterity
MPRegen 0.17/turn

@: mighty, on fire, heroic, sick, hasted, glowing, very quick
A: horns 2, retaliatory headbutt, berserk 1, clever 1
a: Renounce Religion, Heroism, Finesse, Duel


You were on level 3 of the Abyss.
You worshipped Okawaru.
Okawaru was exalted by your worship.
You visited 5 branches of the dungeon, and saw 24 of its levels.
You visited the Abyss 1 time.
You also visited: Gauntlet.

You collected 1897 gold pieces.
You spent 1368 gold pieces at shops.

Inventory:

Hand Weapons
 q - the +7 captain's cutlass {speed, disarm}
   (You bought it in a shop on level 2 of the Orcish Mines)

   Attacks with this weapon are significantly faster.
   It may disarm weapon-wielding foes when striking them, dealing extra damage
   in the process.
 C - a +7 vorpal long sword
 E - a +4 scimitar of flaming
 G - the +11 falchion "Bebbeddo" {vorpal, Fly rPois}
   (You found it on level 9 of the Dungeon)

   It inflicts extra damage upon your enemies.
   rPois:     It protects you from poison.
   Fly:       It grants you flight.
 N - the +8 whip "Snakebite" {venom, curare, rPois}
   (You found it on level 12 of the Dungeon)

   It poisons the flesh of those it strikes.
   It occasionally inflicts asphyxiating poison on those it strikes, dealing
   poison damage and causing slowness.
   rPois:     It protects you from poison.
 Q - the +11 falchion "Bean" {pain, rElec rF+ Int+3}
   (You found it on level 7 of the Dungeon)

   In the hands of one skilled in necromantic magic, it inflicts extra damage on
   living creatures.
   Int:       It affects your intelligence (+3).
   rF:        It protects you from fire.
   rElec:     It insulates you from electricity.
 R - a +2 scimitar of holy wrath (weapon)
Missiles
 p - 3 silver javelins
 u - a throwing net
 w - 6 curare-tipped darts
 y - 3 silver boomerangs
 X - 13 javelins (quivered)
Armour
 a - a +4 chain mail of positive energy (worn)
 b - the +1 scale mail of Winter {Will+}
   (Okawaru gifted it to you on level 4 of the Lair of Beasts)

   Will:      It increases your willpower.
 c - a +0 kite shield (worn)
 e - the -2 hat of the Alchemist (worn) {rElec rPois rF+ rC+ rN+ Will+ rMut rCorr}
   (You acquired it on level 3 of the Dungeon)

   rF:        It protects you from fire.
   rC:        It protects you from cold.
   rElec:     It insulates you from electricity.
   rPois:     It protects you from poison.
   rN:        It protects you from negative energy.
   rCorr:     It protects you from acid and corrosion.
   rMut:      It protects you from mutation.
   Will:      It increases your willpower.
 B - a +0 hat of see invisible
 H - a +1 pair of boots (worn)
 S - a +1 cloak (worn)
 U - the +12 crystal plate armour of Ocacegerr {-Tele Dex+10}
   (Okawaru gifted it to you on level 1 of the Elven Halls)

   Dex:       It affects your dexterity (+10).
   -Tele:     It prevents most forms of teleportation.
 V - the +2 pair of gloves "Fochex" (worn) {rC+}
   (You found it in a Gauntlet)

   rC:        It protects you from cold.
Jewellery
 f - a +6 ring of dexterity (right hand)
 t - an amulet of reflection (around neck)
 z - a +6 ring of strength
 P - a +6 ring of intelligence
 T - a +4 ring of protection (left hand)
Wands
 s - a wand of mindburst (14)
 A - a wand of light (5)
 L - a wand of iceblast (10)
 M - a wand of flame (65)
 Y - a wand of paralysis (16)
Scrolls
 j - 4 scrolls of blinking
 o - 5 scrolls of teleportation
 x - 4 scrolls of magic mapping
 D - a scroll of poison
 I - 12 scrolls of identify
 O - 2 scrolls of fog
 W - 2 scrolls of silence
 Z - a scroll of immolation
Potions
 d - 3 potions of might
 g - 3 potions of cancellation
 h - 3 potions of brilliance
 i - a potion of attraction
 k - a potion of resistance
 l - 2 potions of curing
 n - 2 potions of lignification
 v - 3 potions of berserk rage
 F - a potion of haste
 J - 6 potions of mutation
Miscellaneous
 r - a phial of floods
 K - a condenser vane


   Skills:
 - Level 14.5(19.5) Fighting
 * Level 10.3(17.8) Short Blades
 - Level 13.3(19.9) Long Blades
 - Level 4.0(12.1) Axes
 - Level 9.1(14.5) Maces & Flails
 - Level 2.0(7.0) Throwing
 + Level 15.3(20.3) Armour
 - Level 7.4(12.4) Dodging
 - Level 3.2(8.2) Stealth
 - Level 12.0(17.0) Shields
 - Level 10.3 Invocations
 - Level 3.4 Evocations


You had 14 spell levels left.
You didn't know any spells.
Your spell library contained the following spells:

 Spells                   Type           Power      Damage    Failure   Level
 Apportation              Tloc           0%         N/A       86%         1
 Foxfire                  Conj/Fire      0%         2x1d4     86%         1
 Freeze                   Ice            0%         1d3       86%         1
 Scorch                   Fire           0%         2d5       95%         2
 Static Discharge         Conj/Air       0%         3-3/arc   95%         2
 Sublimation of Blood     Necr           0%         N/A       95%         2
 Confusing Touch          Hex            0%         N/A       99%         3
 Conjure Flame            Conj/Fire      0%         6-21      99%         3
 Frozen Ramparts          Ice            0%         1d1       99%         3
 Gell's Gravitas          Tloc           0%         N/A       99%         3
 Ignite Poison            Fire/Tmut/Pois 0%         N/A       99%         3
 Inner Flame              Hex/Fire       0%         N/A       99%         3
 Lesser Beckoning         Tloc           0%         N/A       99%         3
 Mephitic Cloud           Conj/Pois/Air  0%         N/A       99%         3
 Stone Arrow              Conj/Erth      0%         3d7       99%         3
 Teleport Other           Tloc           0%         N/A       99%         3
 Cause Fear               Hex            0%         N/A       100%        4
 Dispel Undead            Necr           0%         3d6       100%        4
 Flame Wave               Conj/Fire      0%         2d4       100%        4
 Hailstorm                Conj/Ice       0%         3d3       100%        4
 Passage of Golubria      Tloc           0%         N/A       100%        4
 Petrify                  Tmut/Erth      0%         N/A       100%        4
 Sticky Flame             Conj/Fire      0%         2d3       100%        4
 Alistair's Intoxication  Tmut/Pois      0%         N/A       100%        5
 Freezing Cloud           Conj/Ice/Air   0%         6-21      100%        5
 Irradiate                Conj/Tmut      0%         3d11      100%        5
 Silence                  Hex/Air        0%         N/A       100%        5
 Yara's Violent Unravell  Hex/Tmut       0%         3d3       100%        5
 Conjure Ball Lightning   Conj/Air       0%         3x3d6     100%        6
 Enfeeble                 Hex            0%         N/A       100%        7
 Orb of Destruction       Conj           0%         9d5       100%        7
 Discord                  Hex            0%         N/A       100%        8
 Disjunction              Tloc           0%         N/A       100%        8
 Lehudib's Crystal Spear  Conj/Erth      0%         10d2      100%        8
 Summon Guardian Golem    Hex/Summ       Unusable   N/A       N/A         3
 Animate Armour           Summ/Erth      Unusable   N/A       N/A         4
 Summon Cactus Giant      Summ           Unusable   N/A       N/A         6
 Spellforged Servitor     Conj/Summ      Unusable   N/A       N/A         7

Dungeon Overview and Level Annotations

Branches:
Dungeon (14/15)            Temple (1/1) D:5            Lair (5/5) D:8
 Shoals (0/4) Lair:3       Spider (0/4) Lair:3        Slime (0/5) Lair:4
    Orc (2/2) D:12            Elf (2/3) Orc:2        Vaults (0/5) D:13
Gauntlet (visited)

Altars:
Ashenzari
Cheibriados
Dithmenos
Elyvilon
Fedhas
Gozag
Hepliaklqana
Kikubaaqudgha
Makhleb
Nemelex Xobeh
Okawaru
Qazlal
Ru
Sif Muna
Trog
Uskayaw
Vehumet
Wu Jian
Xom
Yredelemnul
Zin
The Shining One
Jiyva

Shops:
D:8 =   Orc:2 *[**(

Annotations:
Elf:1 Louise


Innate Abilities, Weirdness & Mutations

You have a pair of horns on your head.
You reflexively headbutt those who attack you in melee.
You sometimes lose your temper in combat.
Your mind is acute. (Int +4, Str/Dex -1)


Message History

The hellephant gores you but does no damage.
The balrug hits you but does no damage.
Unknown command.
You slash the hellephant!
The hellephant convulses!
You headbutt the hellephant!
The hellephant is almost dead.
You block the raiju's attack.
Unknown command.
You slice the hellephant!!
The hellephant convulses!
You kill the hellephant!
Okawaru is honoured by your kill. You block the sun demon's attack.
The balrug gestures at you. Something smites you!
* * * LOW HITPOINT WARNING * * *
You slash the balrug!
The balrug convulses!
Your headbutt misses the balrug.
The balrug is moderately wounded.
The raiju closely misses you. You block the sun demon's attack.
The balrug gestures at you. The sticky flame hits you. You resist.
You are covered in liquid flames!
* * * LOW HITPOINT WARNING * * *
The sun demon barely misses you.
You slice the balrug!!
The balrug convulses!!
Your headbutt misses the balrug.
The balrug is almost dead.
You are covered in liquid flames!
* * * LOW HITPOINT WARNING * * *
Unknown command.
You slash the balrug!
You kill the balrug!
Okawaru is honoured by your kill. Okawaru grants you armour!
Something appears at your feet!
You see here +0 pearl dragon scales.
You are covered in liquid flames!
You block the sun demon's attack.
The raiju bursts into living lightning!
The living lightning misses you.
The raiju blinks!
The sun demon hits you!
* * * LOW HITPOINT WARNING * * *
You are engulfed in flames!
You resist.
You die...

. . .. . ..... .. .
.... ...# ... .....#
....# ..
...###.h.###... # #
....# ....#.....#....
# . ................ .
. .. .................
......................
. . .# )...#.....#. .
# . ## .# #.@)## .. #
. . #.. . #.3ยง3.# .
.# . .. .............
. ...
..................
................... .
.. #.....#.....#.... #
...###...##_... ....
..... ...


You could see 2 sun demons and a raiju.

Vanquished Creatures
  A hellephant (Abyss:3)
  2 tentacled starspawn (Abyss:3)
  A daeva (Abyss:3)
  A balrug (Abyss:3)
  The ghost of quakins the Warrior, a journeyman OgCA of Vehumet (Lair:5)
  The ghost of clovenhoof the Thaumaturge, a journeyman DrVM of Gozag (Orc:2)
  Nessos (Lair:3)
  A deep elf demonologist (Elf:1)
  A minotaur (Gauntlet)
  A deep elf death mage (Elf:1)
  2 merfolk impalers (D:13)
  10 hydras
  2 boulder beetles
  The ghost of Liimbo the Fighter, a journeyman FoWn of Cheibriados (D:13)
  4 vault guards
  Erolcha (D:9)
  A catoblepas (Lair:5)
  4 two-headed ogres
  2 centaur warriors (D:13)
  A deep troll shaman (Lair:5)
  3 deep troll earth magi (Elf:1)
  3 tengu warriors (D:13)
  4 death yaks (Lair:5)
  3 orc high priests
  2 dancing weapons (Elf:1)
  The ghost of croobank the Spry, a journeyman FeSu (Orc:1)
  Nergalle (D:10)
  4 deep elf knights (Elf:1)
  Sonja (Lair:3)
  A sixfirhy (Abyss:3)
  4 deep trolls (Elf:1)
  4 deep elf archers (Elf:1)
  5 orc knights
  2 lindwurms
  6 deep elf pyromancers
  8 deep elf zephyrmancers (Elf:1)
  2 oklob plants (Lair:5)
  2 ugly things
  5 orc sorcerers
  A manticore (D:12)
  2 cyclopes (D:13)
  An ice statue (Orc:2)
  A black mamba (shapeshifter) (D:13)
  An eye of devastation (shapeshifter) (D:14)
  A torpor snail (Lair:5)
  A titan simulacrum (Abyss:3)
  4 black mambas
  11 elephants (Lair:5)
  12 cane toads
  A gargoyle (D:12)
  2 efreet (D:13)
  2 unseen horrors (D:12)
  9 komodo dragons
  An ice devil (Gauntlet)
  2 rime drakes
  An ancient zyme (Abyss:3)
  A burning bush (Lair:3)
  2 polar bears
  3 meliai (Gauntlet)
  4 trolls
  3 raiju
  35 blink frogs
  9 slime creatures
  A vampire (D:11)
  A large abomination (Abyss:3)
  36 yaks
  An air elemental (Elf:1)
  2 wraiths
  2 wyverns
  2 basilisks
  A basilisk (shapeshifter) (D:13)
  A neqoxec (Abyss:3)
  A fire elemental (Elf:1)
  3 vampire mosquitoes (D:13)
  A redback (shapeshifter) (Elf:1)
  3 steam dragons
  3 wargs
  An acid dragon (D:10)
  11 water moccasins
  4 black bears
  2 ice beasts
  22 orc warriors
  8 ogres
  12 wolves
  13 centaurs
  3 small abominations (Abyss:3)
  2 phantoms
  A kobold brigand (D:8)
  A gnoll sergeant (D:6)
  10 bullfrogs
  2 necrophages
  2 scorpions (D:5)
  8 wights
  5 killer bees (D:9)
  A howler monkey (D:13)
  4 electric eels (Lair:2)
  2 hounds
  2 jellies (D:7)
  9 orc priests
  A gnoll bouda (D:3)
  An iron imp (Abyss:3)
  6 iguanas
  15 orc wizards
  2 lightning spires (Gauntlet)
  17 gnolls
  7 adders
  4 white imps (Gauntlet)
  2 ufetubi
  A worm (D:4)
  2 dart slugs
  57 orcs
  10 ball pythons
  6 bats
  7 endoplasms
  14 giant cockroaches
  10 goblins
  7 hobgoblins
  10 jackals
  10 kobolds
  5 quokkas
  3 frilled lizards
  2 rats (D:2)
592 creatures vanquished.

Vanquished Creatures (others)
  A deep elf knight (Elf:1)
  2 deep elf pyromancers (Elf:1)
  An orc priest (Orc:2)
  An orc wizard (Orc:2)
  18 fungi
  37 plants
  4 starspawn tentacles (Abyss:3)
64 creatures vanquished.

Grand Total: 656 creatures vanquished

Notes
Turn   | Place    | Note
-------+----------+-------------------------------------------
     0 | D:1      | Icepheonix32 the Minotaur Fighter began the quest for the
                  | Orb.
     0 | D:1      | Reached XP level 1. HP: 19/19 MP: 0/0
    24 | D:1      | Reached XP level 2. HP: 16/27 MP: 1/1
    25 | D:1      | Reached skill level 4 in Armour
   339 | D:1      | Reached XP level 3. HP: 34/34 MP: 2/2
   348 | D:1      | Found a faded altar of an unknown god.
  1171 | D:2      | Identified the ring of Iculo {rPois Dex+2 Stlth+}
  1182 | D:2      | Reached XP level 4. HP: 39/41 MP: 3/3
  1541 | D:2      | Gained mutation: You have a somewhat thin skeletal
                  | structure. (Dex +2, Stealth+) [potion of mutation]
  1541 | D:2      | Lost mutation: You have a somewhat thin skeletal structure.
                  | (Dex +2, Stealth+) [potion of mutation]
  1838 | D:3      | Reached skill level 5 in Fighting
  1850 | D:3      | Reached XP level 5. HP: 39/48 MP: 4/4
  1951 | D:3      | Reached skill level 1 in Dodging
  2221 | D:3      | Found an ancient bone altar of Kikubaaqudgha.
  2434 | D:3      | Identified a scroll of acquirement
  2434 | D:3      | Acquired the -2 hat of the Alchemist {rElec rPois rF+ rC+
                  | rN+ Will+ rMut rCorr}
  2434 | D:3      | Found the -2 hat of the Alchemist {rElec rPois rF+ rC+ rN+
                  | Will+ rMut rCorr}
  2824 | D:4      | Noticed a phantom
  2839 | D:4      | Killed a phantom
  2840 | D:4      | Reached skill level 1 in Maces & Flails
  2840 | D:4      | Reached skill level 5 in Armour
  2840 | D:4      | Reached XP level 6. HP: 56/56 MP: 5/5
  2847 | D:4      | Found a hide-covered altar of Uskayaw.
  3818 | D:5      | Entered Level 5 of the Dungeon
  3839 | D:5      | Reached XP level 7. HP: 63/63 MP: 6/6
  3875 | D:5      | Found a staircase to the Ecumenical Temple.
  3888 | Temple   | Entered the Ecumenical Temple
  3902 | Temple   | Became a worshipper of Warmaster Okawaru
  4049 | D:5      | Reached skill level 1 in Stealth
  4318 | D:5      | Reached skill level 5 in Maces & Flails
  4413 | D:5      | Reached skill level 6 in Armour
  4757 | D:6      | Reached XP level 8. HP: 73/73 MP: 7/7
  5015 | D:6      | Reached * piety under Okawaru
  5189 | D:6      | Reached skill level 1 in Invocations
  5195 | D:6      | Reached skill level 5 in Shields
  5244 | D:6      | Reached skill level 7 in Armour
  5923 | D:7      | Reached ** piety under Okawaru
  5949 | D:7      | Reached XP level 9. HP: 20/77 MP: 10/10
  6345 | D:7      | You fall into a shaft and drop 2 floors!
  6367 | D:9      | Reached skill level 8 in Armour
  6378 | D:9      | HP: 4/81 [killer bee (4)]
  6762 | D:9      | Identified the +11 falchion "Bebbeddo" {vorpal, Fly rPois}
  6789 | D:9      | Identified the +8 flail of the Fae God {flame, Fragile
                  | Str+2 Stlth+}
  6807 | D:9      | Noticed Erolcha
  6858 | D:9      | Killed Erolcha
  6859 | D:9      | Reached skill level 1 in Long Blades
  7217 | D:9      | Reached *** piety under Okawaru
  7218 | D:9      | Reached skill level 9 in Armour
  7398 | D:9      | Reached XP level 10. HP: 90/90 MP: 12/12
  7409 | D:9      | Reached **** piety under Okawaru
  7410 | D:9      | Reached skill level 5 in Invocations
  7418 | D:9      | Reached skill level 10 in Armour
  7587 | D:9      | Identified the +7 dagger of Reapportionment {drain, Str+5
                  | Dex-4 Stlth+}
  8114 | D:8      | Found a white marble altar of Elyvilon.
  8257 | D:8      | Noticed a two-headed ogre
  8265 | D:8      | Killed a two-headed ogre
  8641 | D:8      | Found a staircase to the Lair.
  8702 | D:8      | Found Cailer's Jewellery Shop.
  9014 | D:7      | Identified the +6 whip of Wigruq {speed, Int+6}
  9458 | D:7      | Identified the +11 falchion "Bean" {pain, rElec rF+ Int+3}
  9591 | D:10     | Entered Level 10 of the Dungeon
  9673 | D:10     | Reached ***** piety under Okawaru
  9674 | D:10     | Reached skill level 11 in Armour
  9957 | D:10     | Noticed Nergalle
 10082 | D:10     | Found a glowing silver altar of Zin.
 10259 | D:8      | Bought a +4 ring of protection for 540 gold pieces
 10314 | Lair:1   | Entered Level 1 of the Lair of Beasts
 10314 | Lair:1   | Noticed a cane toad
 10335 | Lair:1   | Killed a cane toad
 10598 | Lair:1   | Noticed a black mamba
 10611 | Lair:1   | Killed a black mamba
 10611 | Lair:1   | Received a gift from Okawaru
 10662 | Lair:1   | Noticed a cane toad
 10678 | Lair:1   | Killed a cane toad
 10679 | Lair:1   | Reached skill level 10 in Fighting
 10728 | Lair:1   | Noticed a cane toad
 10735 | Lair:1   | Killed a cane toad
 10736 | Lair:1   | Reached XP level 11. HP: 31/99 MP: 14/14
 10790 | Lair:1   | Found a gate leading to a gauntlet.
 10798 | Gauntlet | Entered a Gauntlet
 10798 | Gauntlet | Found a transporter.
 10798 | Gauntlet | Found a transporter.
 10798 | Gauntlet | Found a transporter.
 11017 | Gauntlet | Found a transporter.
 11027 | Gauntlet | Found a transporter.
 11031 | Gauntlet | Found a transporter.
 11041 | Gauntlet | Found a transporter.
 11062 | Gauntlet | Found a transporter.
 11068 | Gauntlet | Found a transporter.
 11091 | Gauntlet | Found a transporter.
 11091 | Gauntlet | Found a transporter.
 11136 | Gauntlet | Found a transporter.
 12044 | Gauntlet | Identified the +2 pair of gloves "Fochex" {rC+}
 12088 | Gauntlet | Identified the +7 arbalest "Atun" {freeze, rElec Will+}
 12088 | Gauntlet | Noticed a minotaur
 12115 | Gauntlet | Killed a minotaur
 12935 | Lair:2   | Reached skill level 5 in Long Blades
 13187 | Lair:2   | Reached skill level 12 in Armour
 14124 | Lair:2   | Noticed a lindwurm
 14136 | Lair:2   | Killed a lindwurm
 14667 | Lair:3   | Noticed a four-headed hydra
 14686 | Lair:3   | Killed a four-headed hydra
 14686 | Lair:3   | Reached ****** piety under Okawaru
 14686 | Lair:3   | Received a gift from Okawaru
 14936 | Lair:3   | Noticed an eight-headed hydra
 14957 | Lair:2   | Killed an eight-headed hydra
 14958 | Lair:2   | Reached skill level 1 in Short Blades
 15228 | Lair:3   | Reached XP level 12. HP: 75/110 MP: 16/16
 15444 | Lair:3   | Received a gift from Okawaru
 15764 | Lair:3   | Noticed Sonja
 15784 | Lair:3   | Killed Sonja
 16159 | Lair:3   | Noticed Nessos
 16174 | Lair:3   | Killed Nessos
 16395 | Lair:3   | Reached skill level 13 in Armour
 16447 | Lair:3   | Found a hole to the Spider Nest.
 16589 | Lair:3   | Found a staircase to the Shoals.
 16911 | Lair:4   | Identified the +1 scale mail of Winter {Will+} (Okawaru
                  | gifted it to you on level 4 of the Lair of Beasts)
 16911 | Lair:4   | Received a gift from Okawaru
 17086 | Lair:4   | Gained mutation: Your magical capacity is low. (-10% MP)
                  | [potion of mutation]
 17086 | Lair:4   | Gained mutation: You occasionally lose the ability to drink
                  | potions when taking damage. [potion of mutation]
 17086 | Lair:4   | Gained mutation: You sometimes lose your temper in combat.
                  | [potion of mutation]
 17086 | Lair:4   | Gained mutation: Your mind is acute. (Int +4, Str/Dex -1)
                  | [potion of mutation]
 17087 | Lair:4   | Lost mutation: Your magical capacity is low. (-10% MP)
                  | [potion of mutation]
 17087 | Lair:4   | Lost mutation: You occasionally lose the ability to drink
                  | potions when taking damage. [potion of mutation]
 17087 | Lair:4   | Gained mutation: You are frail. (-10% HP) [potion of
                  | mutation]
 17087 | Lair:4   | Lost mutation: You are frail. (-10% HP) [potion of
                  | mutation]
 17231 | Lair:4   | Reached skill level 10 in Long Blades
 17321 | Lair:4   | Reached skill level 5 in Dodging
 17938 | Lair:4   | Found a viscous altar of Jiyva.
 17939 | Lair:4   | Found a staircase to the Slime Pits.
 18420 | Lair:5   | Entered Level 5 of the Lair of Beasts
 18609 | Lair:5   | Reached XP level 13. HP: 57/118 MP: 16/18
 19096 | Arena    | Entered the Arena
 19284 | Lair:5   | Found the +1 robe of Vines {NoPotionHeal Regen++++}
 19445 | Lair:5   | Found a runed translucent gate.
 19445 | Lair:5   | Found a runed translucent gate.
 19445 | Lair:5   | Found a runed translucent gate.
 19445 | Lair:5   | Noticed quakins's ghost (journeyman OgCA)
 20176 | Lair:5   | Received a gift from Okawaru
 20605 | Lair:5   | Reached skill level 10 in Shields
 20945 | Lair:5   | Received a gift from Okawaru
 20966 | Lair:5   | Reached skill level 14 in Armour
 21746 | Lair:5   | Identified the +2 chain mail of Kyreb {rF- Str+5} (Okawaru
                  | gifted it to you on level 5 of the Lair of Beasts)
 21746 | Lair:5   | Received a gift from Okawaru
 22051 | Lair:5   | Killed quakins's ghost
 22352 | D:11     | Reached XP level 14. HP: 118/130 MP: 19/19
 23749 | D:10     | Killed Nergalle
 23750 | D:10     | Reached skill level 1 in Evocations
 24173 | D:12     | Found a staircase to the Orcish Mines.
 24591 | D:12     | Identified the +4 mace of Plunder {venom, SInv}
 24600 | D:12     | Found the +8 whip "Snakebite" {venom, curare, rPois}
 25901 | D:13     | Found a runed translucent gate.
 25901 | D:13     | Found a runed translucent gate.
 25901 | D:13     | Found a runed translucent gate.
 25901 | D:13     | Noticed Liimbo's ghost (journeyman FoWn)
 25902 | D:13     | Found an iron altar of Okawaru.
 26014 | D:13     | Found a gate to the Vaults.
 26029 | D:13     | Received a gift from Okawaru
 26798 | D:13     | Reached skill level 10 in Invocations
 27106 | D:13     | Killed Liimbo's ghost
 27145 | D:13     | Received a gift from Okawaru
 27506 | Orc:1    | Entered Level 1 of the Orcish Mines
 27620 | Orc:1    | Found a runed translucent gate.
 27620 | Orc:1    | Found a runed translucent gate.
 27620 | Orc:1    | Found a runed translucent gate.
 27621 | Orc:1    | Noticed croobank's ghost (journeyman FeSu)
 27698 | Orc:1    | Killed croobank's ghost
 27884 | Orc:1    | Reached skill level 1 in Throwing
 28135 | Orc:2    | Entered Level 2 of the Orcish Mines
 28404 | Orc:2    | Found Lizi's CLEARANCE SALE!.
 28522 | Orc:2    | Bought a wand of mindburst (9) for 75 gold pieces
 28693 | Orc:2    | Found a staircase to the Elven Halls.
 28791 | Orc:2    | Found a large runed translucent door.
 28792 | Orc:2    | Found a large runed translucent door.
 28793 | Orc:2    | Noticed clovenhoof's ghost (journeyman DrVM)
 29265 | Orc:2    | Reached XP level 15. HP: 139/139 MP: 21/21
 29791 | Orc:2    | Found Uxikled's Weapon Emporium.
 29791 | Orc:2    | Found Vetwumm's Antique Armour Boutique.
 29794 | Orc:2    | Found Noagigu's Assorted Antiques.
 29794 | Orc:2    | Found Xujeen's General Store.
 29815 | Orc:2    | Bought the +7 captain's cutlass {speed, disarm} for 648
                  | gold pieces
 29815 | Orc:2    | Found the +7 captain's cutlass {speed, disarm}
 29942 | Orc:2    | Killed clovenhoof's ghost
 30094 | Orc:2    | Bought a scroll of enchant armour for 105 gold pieces
 30141 | Elf:1    | Entered Level 1 of the Elven Halls
 30228 | Elf:1    | Identified the +12 crystal plate armour of Ocacegerr {-Tele
                  | Dex+10} (Okawaru gifted it to you on level 1 of the Elven
                  | Halls)
 30228 | Elf:1    | Received a gift from Okawaru
 30231 | Elf:1    | Reached skill level 5 in Short Blades
 32041 | Elf:1    | Reached skill level 15 in Armour
 32715 | Elf:2    | Noticed Louise
 32724 | Abyss:3  | Cast into level 3 of the Abyss (Louise)
 32762 | Abyss:3  | Found a corrupted altar of Lugonu.
 32769 | Abyss:3  | Noticed a tentacled starspawn
 32776 | Abyss:3  | Killed a tentacled starspawn
 32792 | Abyss:3  | Noticed a daeva
 32821 | Abyss:3  | Killed a daeva
 32839 | Abyss:3  | Noticed a tentacled starspawn
 32848 | Abyss:3  | Killed a tentacled starspawn
 32853 | Abyss:3  | Found a corrupted altar of Lugonu.
 32853 | Abyss:3  | Noticed a hellephant
 32865 | Abyss:3  | Reached skill level 10 in Short Blades
 32865 | Abyss:3  | Found a corrupted altar of Lugonu.
 32888 | Abyss:3  | Killed a hellephant
 32891 | Abyss:3  | Received a gift from Okawaru
 32891 | Abyss:3  | HP: 5/139 [sun demon[a balrug] (17)]
 32891 | Abyss:3  | Slain by a sun demon

Illustrated notes

Levels and vault maps discovered:
D:1:      lemuel_arrival_rhombus, layout_rooms, chequers_ecumenical_altar_grove,
          minmay_hexomino_f4
D:2:      minmay_roachtagon, layout_rooms, nicolae_underground_beach
D:3:      layout_loops_corners, kiku_gazebo_pond_becter
D:4:      layout_basic, mainiacjoe_overflow_concentric_impassable,
          kennysheep_opposing_triangles
D:5:      layout_rooms, minmay_temple_entry_slanted
D:6:      layout_basic
D:7:      layout_basic
D:8:      layout_basic, mainiacjoe_overflow_catwalk, lair_entry_dummy,
          hangedman_decor_opposing, minmay_shop_enchanted_jewellery,
          minivault_22
D:9:      layout_rooms, uniq_erolcha
D:10:     layout_basic, zin_scriptorium, kennysheep_doodads, uniq_nergalle
D:11:     layout_roguey
D:12:     layout_cave_pools, erik_orc_3
D:13:     layout_cave_pools, lightli_vaults_fourway_checkpoint,
          gammafunk_ghost_fury_of_okawaru
D:14:     layout_rooms, nemelex_lonely_heart_becter, uniq_rupert
Temple:   nicolae_temple_no_exploring_needed
Lair:1:   layout_loops_ring, gauntlet_entry_generic, patterned_corridor
Lair:2:   layout_cave_pods, guppyfry_lair_drakes, serial_bayou_shore_a,
          lemuel_fruit_tree
Lair:3:   layout_roguey, minmay_shoals_entry_centaurs, dummy_spider_entry,
          evilmike_ambush [evilmike_ambush_outer_corners,
          evilmike_ambush_inner_pond], uniq_sonja, uniq_nessos
Lair:4:   layout_roguey, slime_entry_1
Lair:5:   grunt_lair_end_beastmaster, layout_hall_layers, gammafunk_ghost_split,
          minivault_23, hellmonk_guarded_unrand_vines, grunt_megastairs_2
Orc:1:    layout_caves, gammafunk_ghost_split, basic_altar
Orc:2:    grunt_orc_tribal_feast, layout_caves, ebering_ghost_disaster_area,
          basic_altar, lemuel_statue_altar, nicolae_shop_clearance
Elf:1:    layout_geoelf_diagonals, minmay_elf_demonology,
          nicolae_elf_deep_friendship
Elf:2:    nicolae_elf_blades_crystal_corner, layout_gridlike, serial_shops,
          shop_statue, minmay_shop_star, uniq_louise
Abyss:3:  base: Vaults:5, hangedman_decor_points,
          evilmike_abyss_rune_elephants_shrine, due_exit_kobolds,
          evilmike_abyss_exit_vortex

Skill      XL: |  1  2  3  4  5  6  7  8  9 10 11 12 13 14 15 |
---------------+----------------------------------------------+-----
Armour         | 4 5 6 7 9 11 12 13 14 15 | 15.3
Fighting       | 4 5 6 7 8 10 11 12 13 14 | 14.5
Axes           | 3 4 |  4.0
Shields        | 4 5 6 7 8 9 10 11 12 | 12.0
Dodging        | 1 2 3 4 5 6 7 |  7.4
Maces & Flails | 1 3 5 6 8 9 |  9.1
Stealth        | 1 2 3 |  3.2
Invocations    | 3 4 6 7 8 9 10 | 10.3
Long Blades    | 2 4 7 10 12 13 | 13.3
Short Blades   | 1 2 3 10 | 10.3
Evocations     | 3 |  3.4
Throwing       | 1 2 |  2.0

Action                   |  1- 3 |  4- 6 |  7- 9 | 10-12 | 13-15 || total
-------------------------+-------+-------+-------+-------+-------++-------
Melee: War axe           |    90 |    75 |       |       |       ||   165
       Headbutt          |     7 |    23 |    45 |   127 |   383 ||   585
       Flail             |       |    82 |   184 |    73 |       ||   339
       Long sword        |       |       |    27 |       |       ||    27
       Falchion          |       |       |       |   388 |   674 ||  1062
       Dagger            |       |       |       |    37 |    89 ||   126
       Whip              |       |       |       |   103 |   491 ||   594
       Cutlass           |       |       |       |       |   217 ||   217
       Scimitar          |       |       |       |       |    42 ||    42
Throw: Javelin           |       |       |       |     4 |     9 ||    13
       Dart              |       |       |       |     4 |       ||     4
       Boomerang         |       |       |       |       |     3 ||     3
Invok: Heroism           |       |       |     1 |     3 |     6 ||    10
       Finesse           |       |       |       |     1 |     1 ||     2
       Duel              |       |       |       |       |     1 ||     1
Evoke: Wand              |       |       |       |     3 |     3 ||     6
  Use: Scroll            |     3 |    11 |     2 |    12 |    17 ||    45
       Potion            |       |     4 |     5 |     7 |    10 ||    26
 Stab: Distracted        |       |       |       |     1 |       ||     1
       Sleeping          |       |       |       |     1 |       ||     1
       Petrified         |       |       |       |       |     7 ||     7
Armor: Scale mail        |    64 |    84 |    46 |   231 |    73 ||   498
       Skin              |       |    13 |     1 |    15 |       ||    29
       Robe              |       |       |       |       |    80 ||    80
       Chain mail        |       |       |       |       |   480 ||   480
Dodge: Dodged            |    55 |    67 |    90 |   228 |   465 ||   905
Block: Buckler           |    25 |    48 |   115 |   304 |   390 ||   882
       Reflection        |       |       |       |    18 |    48 ||    66
       Kite shield       |       |       |       |       |   505 ||   505
